 Dungeon Crawl Stone Soup version 0.30-a0-937-ga0a21ad780 (webtiles) character file.

Game seed: 14456107228492118426

32265 Strat the Spear-Bearer (level 13, -2/103 HPs)
             Began as a Gnoll Reaver on Mar 24, 2023.
             Was an Initiate of Gozag.
             Slain by a tyrant leech (13 damage)
             ... on level 5 of the Lair of Beasts.
             The game lasted 00:41:30 (23146 turns).

Strat the Spear-Bearer (Gnoll Reaver)              Turns: 23146, Time: 00:41:32

Health: -2/103     AC: 20    Str: 16    XL:     13   Next: 63%
Magic:  22/27      EV: 12    Int: 14    God:    Gozag
Gold:   995        SH:  0    Dex: 10    Spells: 19/32 levels left

rFire   + . .      SeeInvis .    a - +0 halberd (heavy)
rCold   . . .      Faith    .    (shield currently unavailable)
rNeg    + . .      Spirit   .    x - +0 pearl dragon scales
rPois   +          Reflect  .    f - +2 helmet
rElec   .          Rampage  .    (no cloak)
rCorr   .                        I - +0 pair of gloves
Will    .....                    G - +0 pair of boots
Stlth   ++                       j - amulet of the acrobat
HPRegen 0.37/turn                m - ring of poison resistance
MPRegen 0.20/turn                k - ring of protection from fire

@: mighty, very slightly contaminated, studying Transmutations
A: fangs 1, strong nose, distributed training
a: Renounce Religion, Potion Petition, Call Merchant, Bribe Branch


You were on level 5 of the Lair of Beasts.
You worshipped Gozag.
Gozag was pleased with you.
You visited 3 branches of the dungeon, and saw 16 of its levels.
You also visited: Sewer.

You collected 4062 gold pieces.
You paid 3067 gold pieces to Gozag.

Inventory:

Hand Weapons
 a - a +0 heavy halberd (weapon)
 b - a +1 halberd of flaming
 B - a +0 trident
Missiles
 g - a throwing net
Armour
 d - a +1 leather armour of poison resistance
 f - a +2 helmet (worn)
 x - +0 pearl dragon scales (worn)
 G - a +0 pair of boots (worn)
 I - a +0 pair of gloves (worn)
Jewellery
 h - a ring of wizardry
 j - an amulet of the acrobat (around neck)
 k - a ring of protection from fire (right hand)
 m - a ring of poison resistance (left hand)
 u - the amulet "Munamuaj" {Acrobat Harm Int-3 Stlth+}
   (You found it on level 3 of the Lair of Beasts)

   [amulet of the acrobat]

   It increases your evasion while moving and waiting.
   Int:       It affects your intelligence (-3).
   Harm:      It increases damage dealt and taken.
   Stlth:     It makes you more stealthy.
 A - a +6 ring of intelligence
 J - a ring of see invisible
Wands
 w - a wand of iceblast (7)
 y - a wand of flame (29)
Scrolls
 c - 3 scrolls of butterflies
 e - a scroll of vulnerability
 i - 3 scrolls of teleportation
 l - 3 scrolls of fog
 p - a scroll of immolation
 q - 2 scrolls of magic mapping
 s - 2 scrolls of noise
 D - 2 scrolls of poison
Potions
 n - a potion of magic
 r - 2 potions of lignification
 t - 6 potions of flight
 v - a potion of cancellation
 z - 2 potions of brilliance
 C - 3 potions of mutation
 F - a potion of resistance {unknown}
 H - 5 potions of attraction
Miscellaneous
 E - a condenser vane (inert)


   Skills:
 + Level 10.0 Fighting
 + Level 8.8 Short Blades
 + Level 8.8 Long Blades
 + Level 8.8 Axes
 + Level 8.8 Maces & Flails
 + Level 11.0 Polearms
 + Level 8.8 Staves
 + Level 8.8 Ranged Weapons
 + Level 8.8 Throwing
 + Level 8.8 Armour
 + Level 10.0 Dodging
 + Level 8.8 Stealth
 + Level 8.8 Shields
 + Level 8.8 Unarmed Combat
 + Level 10.1 Spellcasting
 + Level 9.2 Conjurations
 + Level 7.3 Hexes
 + Level 7.3 Summonings
 + Level 7.3 Necromancy
 + Level 7.3 Translocations
 + Level 9.1 Transmutations
 + Level 7.3 Fire Magic
 + Level 7.3 Ice Magic
 + Level 7.3 Air Magic
 + Level 7.3 Earth Magic
 + Level 7.3 Poison Magic
 + Level 9.6 Invocations
 + Level 8.8 Evocations


You had 19 spell levels left.
You knew the following spells:

 Your Spells              Type           Power      Damage    Failure   Level
a - Kiss of Death         Conj/Necr      100%       2d13      1%          1
b - Momentum Strike       Conj/Tloc      60%        3d9       1%          2
c - Hailstorm             Conj/Ice       30%        3d8       3%          3
d - Wereblood             Tmut           32%        N/A       1%          2
e - Irradiate             Conj/Tmut      16%        3d17      24%         5

Your spell library contained the following spells:

 Spells                   Type           Power      Damage    Failure   Level
 Beastly Appendage        Tmut           64%        N/A       1%          1
 Sublimation of Blood     Necr           27%        N/A       2%          2
 Spider Form              Tmut/Pois      30%        N/A       3%          3
 Ignite Poison            Fire/Tmut/Pois 29%        N/A       4%          3
 Kindle Blastsparks       Fire/Tloc/Air  54%        2d14      5%          3
 Petrify                  Tmut/Erth      30%        N/A       13%         4
 Freezing Cloud           Conj/Ice/Air   14%        6-21      36%         5
 Borgnjor's Revivificati  Necr           13%        N/A       100%        8
 Necromutation            Tmut/Necr      15%        N/A       100%        8
 Death's Door             Necr           13%        N/A       100%        9


Dungeon Overview and Level Annotations

Branches:
Dungeon (10/15)            Temple (1/1) D:5            Lair (5/5) D:8
 Shoals (0/4) Lair:3        Snake (0/4) Lair:2        Slime (0/5) Lair:4
  Sewer (visited)
    Orc: D:9-12

Altars:
Ashenzari
Dithmenos
Fedhas
Gozag
Hepliaklqana
Kikubaaqudgha
Makhleb
Nemelex Xobeh
Okawaru
Qazlal
Ru
Sif Muna
Trog
Uskayaw
Vehumet
Wu Jian
Xom
Yredelemnul
Zin
The Shining One
Jiyva

Annotations:
D:10 Nergalle
Lair:1 Amaemon
Lair:2 exclusion: oklob plant
Lair:3 exclusion: oklob plant
Lair:4 1 runed translucent door
Lair:5 1 runed translucent door


Innate Abilities, Weirdness & Mutations

You have very sharp teeth.
Your uncanny sense of smell can sniff out nearby items.
Your experience applies equally to all skills.


Message History

* * * LOW HITPOINT WARNING * * *
The tyrant leech draws strength from your injuries!
You miss the tyrant leech.
You bite the tyrant leech, but do no damage.
The tyrant leech is heavily wounded.
A hornet comes into view.
The tyrant leech bites you but does no damage.
You feel very mighty all of a sudden. The tyrant leech bites you.
* * * LOW HITPOINT WARNING * * *
The tyrant leech draws strength from your injuries!
You barely miss the tyrant leech.
The tyrant leech is heavily wounded.
The tyrant leech bites you!
* * * LOW HITPOINT WARNING * * *
You miss the tyrant leech.
The tyrant leech is heavily wounded.
The tyrant leech bites you but does no damage.
You barely miss the tyrant leech.
The tyrant leech is heavily wounded.
The tyrant leech misses you.
The hornet buzzes angrily.
You hit the tyrant leech but do no damage.
The tyrant leech is heavily wounded.
The tyrant leech bites you but does no damage.
You closely miss the tyrant leech. You bite the tyrant leech.
The tyrant leech is heavily wounded.
The tyrant leech completely misses you.
Aiming: Iceblast
Press: ? - help, Shift-Dir - straight line
Okay, then.
Okay, then.
Cast which spell? (? or * to list)
You miscast Irradiate.
You are very lightly contaminated with residual magic.
A wave of violent energy washes through your body!
* * * LOW HITPOINT WARNING * * *
The tyrant leech bites you!
You die...
Your body crumbles into a pile of gold.

######## ###
#.##.P.### ...#
####....y..##
....##.w...###...###
#..#..y..## ##....##
###.....##.# ###w..#
#.....#.#### ##@.P##
.....#.## ###..8#+#
....#### #...####D$
.Pw# ##..# $$.$# #w.
##..## $$$$$# .#
#...# $$$$# #
#..##### $$##
##.P#..## $ ∆
##...#.###


You could see a tyrant leech.

Vanquished Creatures
  Gastronok (Lair:2)
  A hydra (Lair:5)
  3 two-headed ogres
  A lindwurm (Lair:5)
  6 elephants (Lair:4)
  5 torpor snails
  5 black mambas
  2 merfolk sirens (Lair:3)
  13 cane toads
  An orange demon (Lair:1)
  8 komodo dragons
  An efreet (D:8)
  A tyrant leech (Lair:5)
  A merfolk (Lair:3)
  3 polar bears (Lair:3)
  Grinder (D:3)
  4 hornets
  3 dream sheep (Lair:4)
  13 blink frogs
  Sigmund (D:3)
  A shadow (D:9)
  5 wyverns
  27 yaks
  2 steam dragons
  2 basilisks
  A vampire mosquito (D:9)
  2 acid dragons (D:9)
  2 nagas (Lair:2)
  7 water moccasins
  An ice beast (D:6)
  4 black bears
  An ogre (D:5)
  3 orc warriors
  2 centaurs
  5 wolves (Lair:2)
  2 phantoms
  3 kobold brigands
  11 bullfrogs
  A gnoll sergeant (D:9)
  A scorpion (D:6)
  12 wights
  A jelly (D:5)
  10 killer bees
  An electric eel (Lair:3)
  2 orc priests
  3 hounds
  4 iguanas
  10 orc wizards
  4 hell rats (Lair:4)
  Robin (D:3)
  21 gnolls
  8 adders
  A river rat (Sewer)
  4 shadow imps
  3 white imps
  3 worms
  A dart slug (D:1)
  38 orcs
  8 ball pythons
  7 bats
  9 endoplasms
  3 giant cockroaches
  8 goblins
  7 hobgoblins
  16 jackals
  12 kobolds
  4 quokkas
  12 frilled lizards
  12 rats
382 creatures vanquished.

Vanquished Creatures (others)
  33 fungi
  57 plants
90 creatures vanquished.

Grand Total: 472 creatures vanquished

Notes
Turn   | Place    | Note
-------+----------+-------------------------------------------
     0 | D:1      | Strat the Gnoll Reaver began the quest for the Orb.
     0 | D:1      | Reached XP level 1. HP: 20/20 MP: 6/6
   103 | D:1      | Reached XP level 2. HP: 25/26 MP: 7/7
   109 | D:1      | Learned a level 2 spell: Momentum Strike
   171 | D:1      | Found a faded altar of an unknown god.
   453 | D:1      | Reached skill level 5 in Spellcasting
   453 | D:1      | Reached XP level 3. HP: 23/31 MP: 7/9
   752 | D:1      | Reached skill level 1 in Invocations
   846 | D:1      | Reached skill level 1 in Short Blades
   846 | D:1      | Reached skill level 1 in Long Blades
   846 | D:1      | Reached skill level 1 in Axes
   846 | D:1      | Reached skill level 1 in Maces & Flails
   846 | D:1      | Reached skill level 1 in Staves
   846 | D:1      | Reached skill level 1 in Ranged Weapons
   846 | D:1      | Reached skill level 1 in Throwing
   846 | D:1      | Reached skill level 1 in Armour
   846 | D:1      | Reached skill level 1 in Stealth
   846 | D:1      | Reached skill level 1 in Shields
   846 | D:1      | Reached skill level 1 in Unarmed Combat
   846 | D:1      | Reached skill level 1 in Evocations
   850 | D:1      | Learned a level 3 spell: Hailstorm
  1318 | D:2      | Reached XP level 4. HP: 38/38 MP: 11/11
  1619 | D:2      | Reached skill level 1 in Hexes
  1619 | D:2      | Reached skill level 1 in Summonings
  1619 | D:2      | Reached skill level 1 in Necromancy
  1619 | D:2      | Reached skill level 1 in Translocations
  1619 | D:2      | Reached skill level 1 in Transmutations
  1619 | D:2      | Reached skill level 1 in Fire Magic
  1619 | D:2      | Reached skill level 1 in Ice Magic
  1619 | D:2      | Reached skill level 1 in Air Magic
  1619 | D:2      | Reached skill level 1 in Earth Magic
  1619 | D:2      | Reached skill level 1 in Poison Magic
  2172 | D:3      | Found an ornate altar of the Wu Jian Council.
  2401 | D:3      | Reached XP level 5. HP: 40/43 MP: 7/12
  2485 | D:3      | Noticed Grinder
  2492 | D:3      | Paralysed by Grinder for 3 turns
  2509 | D:3      | Killed Grinder
  2510 | D:3      | Reached skill level 5 in Fighting
  2510 | D:3      | Reached skill level 5 in Dodging
  2510 | D:3      | Reached XP level 6. HP: 20/51 MP: 10/14
  2897 | D:3      | Noticed Robin
  2899 | D:3      | Noticed Sigmund
  2962 | D:3      | Killed Robin
  2978 | D:3      | Killed Sigmund
  2979 | D:3      | Reached skill level 7 in Polearms
  2979 | D:3      | Reached XP level 7. HP: 48/56 MP: 10/15
  3417 | D:4      | Found a burning altar of Makhleb.
  3873 | D:4      | Found a shadowy altar of Dithmenos.
  4082 | D:5      | Entered Level 5 of the Dungeon
  4102 | D:5      | Found a staircase to the Ecumenical Temple.
  4128 | D:5      | Found a glowing drain.
  4137 | Sewer    | Entered a sewer
  4399 | Sewer    | Found a glowing silver altar of Zin.
  4461 | Temple   | Entered the Ecumenical Temple
  4669 | Temple   | Became a worshipper of Gozag Ym Sagoz the Greedy
  4915 | D:5      | Reached XP level 8. HP: 62/63 MP: 16/16
  6933 | D:6      | Reached XP level 9. HP: 41/69 MP: 15/18
  7320 | D:6      | Found a stormy altar of Qazlal.
  7788 | D:7      | Reached skill level 8 in Polearms
  8007 | D:7      | Reached skill level 5 in Invocations
  8229 | D:7      | You fall into a shaft and drop 2 floors!
  8241 | D:9      | Noticed a two-headed ogre
  8261 | D:9      | Killed a two-headed ogre
  8262 | D:9      | Reached skill level 5 in Short Blades
  8262 | D:9      | Reached skill level 5 in Long Blades
  8262 | D:9      | Reached skill level 5 in Axes
  8262 | D:9      | Reached skill level 5 in Maces & Flails
  8262 | D:9      | Reached skill level 5 in Staves
  8262 | D:9      | Reached skill level 5 in Ranged Weapons
  8262 | D:9      | Reached skill level 5 in Throwing
  8262 | D:9      | Reached skill level 5 in Armour
  8262 | D:9      | Reached skill level 5 in Stealth
  8262 | D:9      | Reached skill level 5 in Shields
  8262 | D:9      | Reached skill level 5 in Unarmed Combat
  8262 | D:9      | Reached skill level 5 in Evocations
  8262 | D:9      | Reached XP level 10. HP: 77/77 MP: 20/20
  8461 | D:9      | Noticed a two-headed ogre
  8501 | D:9      | Killed a two-headed ogre
 10479 | D:8      | Found a staircase to the Lair.
 10716 | D:8      | Noticed a two-headed ogre
 10728 | D:8      | Killed a two-headed ogre
 10846 | D:8      | Reached skill level 9 in Polearms
 11106 | D:9      | Found an ancient bone altar of Kikubaaqudgha.
 11176 | D:8      | Reached skill level 5 in Hexes
 11176 | D:8      | Reached skill level 5 in Summonings
 11176 | D:8      | Reached skill level 5 in Necromancy
 11176 | D:8      | Reached skill level 5 in Translocations
 11176 | D:8      | Reached skill level 5 in Transmutations
 11176 | D:8      | Reached skill level 5 in Fire Magic
 11176 | D:8      | Reached skill level 5 in Ice Magic
 11176 | D:8      | Reached skill level 5 in Air Magic
 11176 | D:8      | Reached skill level 5 in Earth Magic
 11176 | D:8      | Reached skill level 5 in Poison Magic
 11252 | D:9      | Reached XP level 11. HP: 85/85 MP: 22/22
 12066 | D:9      | Found a glowing silver altar of Zin.
 12295 | D:10     | Entered Level 10 of the Dungeon
 12304 | D:10     | Identified a scroll of acquirement
 12304 | D:10     | Acquired 875 gold pieces
 12326 | D:10     | Noticed Nergalle
 12374 | Lair:1   | Entered Level 1 of the Lair of Beasts
 12375 | Lair:1   | Noticed Amaemon
 13223 | Lair:1   | HP: 4/86 [cane toad (18)]
 14155 | Lair:2   | Found an opulent altar of Gozag.
 14683 | Lair:2   | Identified the +1 trident "Beletwiug" {freeze, rF+}
 14735 | Lair:2   | Noticed Gastronok
 14745 | Lair:2   | Found a staircase to the Snake Pit.
 15061 | Lair:2   | Noticed an oklob plant
 15099 | Lair:2   | Reached XP level 12. HP: 73/94 MP: 24/24
 16381 | Lair:2   | Killed Gastronok
 16382 | Lair:2   | Reached skill level 10 in Polearms
 16966 | Lair:3   | HP: 2/94 [komodo dragon (10)]
 17733 | Lair:3   | HP: 1/95 [blink frog (6)]
 18240 | Lair:3   | Learned a level 2 spell: Wereblood
 18246 | Lair:3   | Learned a level 5 spell: Irradiate
 18967 | Lair:3   | HP: 4/95 [poisoned by a cane toad]
 19244 | Lair:3   | Identified the amulet "Munamuaj" {Acrobat Harm Int-3
                  | Stlth+}
 19438 | Lair:3   | Found a staircase to the Shoals.
 20378 | Lair:4   | Reached XP level 13. HP: 101/101 MP: 26/26
 20872 | Lair:4   | Found a runed translucent door.
 20874 | Lair:4   | Found a viscous altar of Jiyva.
 20876 | Lair:4   | Found a staircase to the Slime Pits.
 21595 | Lair:5   | Entered Level 5 of the Lair of Beasts
 22454 | Lair:5   | Reached skill level 10 in Spellcasting
 22786 | Lair:5   | Found a runed translucent door.
 22787 | Lair:5   | Noticed an ice dragon
 23048 | Lair:5   | Reached skill level 10 in Fighting
 23048 | Lair:5   | Reached skill level 11 in Polearms
 23048 | Lair:5   | Reached skill level 10 in Dodging
 23146 | Lair:5   | Slain by a tyrant leech

Illustrated notes

Levels and vault maps discovered:
D:1:      dpeg_arrival_simpleton_a, layout_loops_corners,
          shapermc_ecumenical_altar_venn
D:2:      layout_loops_corners
D:3:      layout_basic, mainiacjoe_overflow_alcove_1, minmay_lizard_king,
          uniq_grinder, uniq_sigmund, uniq_robin
D:4:      layout_rooms, nicolae_overflow_crystal_walls, bloody_makhleb,
          moated_statue
D:5:      layout_gridville, minmay_temple_entry_sparse_star,
          cheibrodos_sewer_entry_drain, hangedman_decor_opposing,
          dreamdust_gnoll_farm
D:6:      layout_basic, nicolae_qazlal_scattered_showers
D:7:      nicolae_cairo_tiling_large, layout_cave_pools,
          serial_co_window_serial, co_window_of_opportunity_a,
          co_window_corner_a, co_window_corner_a, co_window_paths_a,
          co_window_paths_a, co_window_paths_a, co_window_broadway_b,
          co_window_broadway_b, co_window_broadway_b, glass_columns_a,
          glass_columns_a, glass_columns_c, glass_columns_c, glass_columns_a,
          minivault_25
D:8:      layout_loops_ring, lair_entry_dummy, minmay_misc_feat_roman,
          wad_mini_maze
D:9:      layout_gridville, marbit_many_paths,
          mainiacjoe_overflow_six_doors_small, minmay_misc_feat_five
D:10:     layout_stronghold, mainiacjoe_overflow_chevrons, elyvilon_altar_5,
          orc_0_dummy, serial_shops, nicolae_square_shop, uniq_nergalle
Temple:   nicolae_temple_bog_church
Lair:1:   layout_regular_city, uniq_amaemon
Lair:2:   layout_hall_layers, guppyfry_snake_entry_garden, basic_altar,
          nicolae_volcano_entry_lava_flow, uniq_gastronok
Lair:3:   layout_hall_layers, elwin_shoals_entry_rooms,
          cheibrodos_lair_lostbears
Lair:4:   layout_regular_city, slime_entry_2
Lair:5:   wormcave, layout_cave_pods, hangedman_lair_caniforms_friends,
          lemuel_fruit_tree

Skill      XL: |  1  2  3  4  5  6  7  8  9 10 11 12 13 |
---------------+----------------------------------------+-----
Spellcasting   | 5 6 7 8 9 10 | 10.1
Invocations    | 1 2 3 4 5 6 7 8 9 |  9.6
Short Blades   | 1 2 3 4 5 6 7 8 |  8.8
Long Blades    | 1 2 3 4 5 6 7 8 |  8.8
Axes           | 1 2 3 4 5 6 7 8 |  8.8
Maces & Flails | 1 2 3 4 5 6 7 8 |  8.8
Staves         | 1 2 3 4 5 6 7 8 |  8.8
Ranged Weapons | 1 2 3 4 5 6 7 8 |  8.8
Throwing       | 1 2 3 4 5 6 7 8 |  8.8
Armour         | 1 2 3 4 5 6 7 8 |  8.8
Stealth        | 1 2 3 4 5 6 7 8 |  8.8
Shields        | 1 2 3 4 5 6 7 8 |  8.8
Unarmed Combat | 1 2 3 4 5 6 7 8 |  8.8
Evocations     | 1 2 3 4 5 6 7 8 |  8.8
Hexes          | 1 2 3 4 5 6 7 |  7.3
Summonings     | 1 2 3 4 5 6 7 |  7.3
Necromancy     | 1 2 3 4 5 6 7 |  7.3
Translocations | 1 2 3 4 5 6 7 |  7.3
Transmutations | 1 2 3 4 5 6 8 9 |  9.1
Fire Magic     | 1 2 3 4 5 6 7 |  7.3
Ice Magic      | 1 2 3 4 5 6 7 |  7.3
Air Magic      | 1 2 3 4 5 6 7 |  7.3
Earth Magic    | 1 2 3 4 5 6 7 |  7.3
Poison Magic   | 1 2 3 4 5 6 7 |  7.3
Fighting       | 5 6 7 8 9 10 | 10.0
Dodging        | 5 6 7 8 9 10 | 10.0
Polearms       | 7 8 9 10 11 | 11.0
Conjurations   | 6 7 8 9 |  9.2

Action                     |  1- 3 |  4- 6 |  7- 9 | 10-12 | 13-15 || total
---------------------------+-------+-------+-------+-------+-------++-------
  Melee: Spear             |   179 |       |       |       |       ||   179
         Bite              |    11 |     6 |    29 |    55 |    29 ||   130
         Trident           |     1 |   102 |   254 |       |       ||   357
         Punch             |       |     1 |     6 |       |       ||     7
         Halberd           |       |       |   250 |   668 |   231 ||  1149
   Cast: Momentum Strike   |       |     7 |     5 |    10 |     1 ||    23
         Kiss of Death     |       |     1 |     1 |     2 |       ||     4
 Invoke: Potion Petition   |       |       |     1 |     4 |     1 ||     6
  Evoke: Wand              |       |       |     1 |     7 |       ||     8
         Condenser vane    |       |       |       |       |     2 ||     2
    Use: Scroll            |       |       |    17 |    10 |     2 ||    29
         Potion            |       |       |     2 |     6 |     2 ||    10
   Stab: Sleeping          |     2 |     2 |     5 |     1 |       ||    10
         Distracted        |       |       |       |     3 |     2 ||     5
         Invisible         |       |       |       |     1 |       ||     1
 Armour: Leather armour    |    28 |    10 |       |       |       ||    38
         Ring mail         |       |    17 |   141 |       |       ||   158
         Pearl dragon scal |       |       |    50 |   394 |   148 ||   592
  Dodge: Dodged            |    91 |    59 |   264 |   492 |   203 ||  1109

Table legend: (Time is in decaauts)
 A = Elapsed time spent in this place.
 B = Non-inter-level travel time spent in this place.
 C = Inter-level travel time spent in this place.
 D = Time resting spent in this place.
 E = Time spent auto-exploring this place.
 F = Levels seen in this place.
 G = Mean time per level.
                   A        B        C        D        E       F      G
               +--------+--------+--------+--------+--------+-----+--------+
         Total |  23689 |  22759 |    930 |   6028 |  11411 |  17 | 1393.5 |
       Dungeon |  12244 |  11523 |    721 |   2227 |   6593 |  10 | 1224.4 |
        Temple |    238 |    190 |     48 |      0 |    175 |   1 |  238.0 |
          Lair |  10852 |  10692 |    160 |   3722 |   4494 |   5 | 2170.4 |
         Sewer |    353 |    353 |      0 |     78 |    148 |   1 |  353.0 |
               +--------+--------+--------+--------+--------+-----+--------+

Top non-repeatable levels by time:
  Lair:3: 3231 daAuts
  Lair:2: 2683 daAuts
  Lair:4: 2192 daAuts
     D:8: 2136 daAuts
     D:9: 1778 daAuts
     D:5: 1520 daAuts
     D:6: 1435 daAuts
  Lair:1: 1435 daAuts
     D:3: 1318 daAuts
  Lair:5: 1309 daAuts
     D:7: 1295 daAuts
     D:1: 1140 daAuts
     D:2: 934 daAuts
     D:4: 639 daAuts
   Sewer: 353 daAuts
